Map: Ascension vers Aïur EC

Players

zidar - Winner!

  • Race: Zerg Zerg
  • Spawn Location: 5:00

GillsForPrem

  • Race: Terran Terran
  • League: Gold
  • Spawn Location: 11:00

VOD

Have the link to the VOD?

Description

Time

  • Played on: July 28, 2017, 10:53 a.m.
  • Length: 15:23
Show
View Real Time Build Order
Export as new Build Order

zidar Zerg - Winner!

Build Orders: Pool First 

Get SALT Encoding   

  12  0:01  Drone  
  13  0:12  Overlord  
  13  0:17  Drone  
  14  0:30  Drone x2  
  16  0:36  Drone  
  17  0:48  Spawning Pool  
  16  0:51  Drone  
  17  1:12  Hatchery  
  17  1:16  Drone  
  17  1:19  Extractor  
  17  1:21  Drone  
  17  1:53  Queen  
  19  2:00  Zergling x4  
  21  2:04  Overlord  
  21  2:11  Drone  
  22  2:25  Zergling x2  
  23  2:46  Queen  
  25  2:59  Drone  
  25  3:01  Overlord  
  25  3:03  Drone x4  
  30  3:11  Roach Warren  
  29  3:16  Extractor  
  28  3:34  Overlord  
  28  3:50  Roach x4  
  28  3:53  Roach x3  
  42  4:10  Overlord x3  
  42  4:29  Roach x7  
  56  4:42  Roach  
  56  4:43  Roach  
  60  4:47  Overlord  
  60  5:05  Drone x3  
  63  5:08  Roach  
  63  5:10  Roach  
  67  5:14  Overlord  
  67  5:17  Ravager  
  68  5:32  Ravager x2  
  68  5:33  Ravager x2  
  58  6:02  Overlord x4  
  58  6:03  Overlord x2  
  58  6:16  Roach x4  
  66  6:20  Roach  
  65  6:47  Ravager  
  65  6:48  Ravager x3  
  53  7:32  Roach  
  53  7:33  Roach x10  
  56  8:06  Roach  
  56  8:07  Roach x5  
  62  8:23  Lair  
  62  8:26  Drone x2  
  64  8:43  Ravager  
  64  8:44  Ravager  
  66  8:53  Drone x10  
  76  9:07  Pneumatized Carapace  
  76  9:19  Hatchery  
  75  9:28  Ravager  
  75  9:30  Ravager  
  61  10:15  Metabolic Boost  
  61  10:18  Hydralisk Den  
  60  10:22  Extractor  
  60  10:24  Drone x6  
  60  10:25  Extractor, Drone x8  
  72  10:29  Roach x5  
  82  11:10  Hydralisk x3  
  88  11:12  Hydralisk x3  
  88  11:13  Hydralisk  
  88  11:16  Overseer  
  96  11:27  Evolution Chamber  
  96  11:32  Roach, Evolution Chamber  
  103  11:33  Roach x6  
  103  11:39  Ravager  
  109  11:43  Drone x9  
  118  11:56  Extractor  
  118  11:58  Extractor  
  118  12:00  Hydralisk x2  
  118  12:01  Hydralisk x3  
  126  12:13  Infestation Pit  
  125  12:24  Muscular Augments  
  125  12:25  Overlord  
  125  12:26  Overlord x2  
  125  12:28  Overlord  
  125  12:38  Queen  
  127  12:50  Hydralisk x2  
  127  12:51  Hydralisk  
  131  12:52  Roach x9  
  131  12:56  Ravager  
  152  13:05  Drone x2  
  154  13:09  Overlord x3  
  130  13:40  Roach x9  
  148  13:43  Ravager  
  148  13:44  Ravager  
  148  13:45  Ravager  
  151  14:35  Roach x3  
  151  14:36  Roach x5  
  151  14:37  Zergling x2  
  168  14:39  Hydralisk  
  168  14:40  Hydralisk x2  
  168  14:41  Hydralisk  
  168  14:42  Hydralisk  
Show
View Real Time Build Order
Export as new Build Order

GillsForPrem Terran 

Build Orders: Gas First Reaper Expand, Mech 

Get SALT Encoding   

  12  0:01  SCV  
  13  0:13  SCV  
  14  0:18  Supply Depot  
  14  0:25  Refinery  
  14  0:28  SCV  
  15  0:43  Barracks  
  15  0:46  SCV  
  16  0:58  SCV  
  17  1:10  SCV  
  19  1:30  Reaper  
  20  1:33  Orbital Command  
  19  1:50  Command Center  
  19  2:01  Factory  
  19  2:03  Barracks Reactor  
  19  2:15  Supply Depot  
  19  2:16  Refinery  
  19  2:22  SCV  
  20  2:34  SCV  
  21  2:47  Marine x2  
  21  2:50  Factory Reactor  
  23  2:54  Factory  
  23  3:04  Orbital Command  
  23  3:05  Marine  
  24  3:28  Hellion x2  
  28  3:34  Armory  
  28  3:38  Factory Tech Lab  
  28  3:44  Marine x2  
  28  3:47  SCV  
  31  3:50  Hellion x2  
  35  4:11  Hellion, Cyclone  
  40  4:20  Orbital Command  
  40  4:32  Cyclone  
  43  4:40  Marine x2  
  45  4:47  Refinery  
  45  4:50  Refinery  
  45  4:56  Hellbat  
  45  4:58  Supply Depot  
  47  5:04  Cyclone  
  47  5:05  SCV  
  51  5:17  Cyclone  
  51  5:20  Hellbat, SCV, Supply Depot  
  57  5:27  Terran Vehicle And Ship Armor Level 1  
  57  5:32  SCV  
  58  5:43  Supply Depot  
  58  5:44  SCV  
  40  5:57  Thor  
  40  5:59  Cyclone  
  49  6:18  Factory  
  49  6:19  Cyclone  
  52  6:31  Hellbat  
  43  6:41  Hellbat  
  43  6:42  Orbital Command  
  41  6:52  Hellbat  
  43  7:02  Siege Tank  
  39  7:18  Cyclone, Orbital Command  
  35  7:23  Hellbat x2  
  37  7:34  Siege Tank  
  42  7:44  Hellbat x2  
  42  7:51  Hellbat  
  29  8:01  Marine x2  
  29  8:05  Cyclone x2  
  32  8:19  Marine  
  31  8:30  Orbital Command  
  31  8:47  Cyclone  
  34  8:49  Marine x2  
  36  9:02  Supply Depot  
  36  9:06  Cyclone  
  36  9:07  Marine x2  
  41  9:25  Marine  
  39  10:12  Cyclone  
  39  10:13  Cyclone  
  45  10:24  Terran Vehicle Weapons Level 1  
  45  10:26  Starport  
  45  10:49  Orbital Command  
  45  11:22  Refinery  
  45  11:27  Refinery  
  45  11:30  Supply Depot  
  45  11:32  Supply Depot  
  45  11:34  Liberator  
  45  11:35  SCV  
  46  11:51  SCV, Cyclone  
  46  11:54  Supply Depot  
  53  12:03  SCV  
  54  12:11  Cyclone  
  57  12:15  SCV  
  57  12:17  Supply Depot  
  58  12:28  SCV  
  59  12:39  Siege Tank  
  59  12:40  SCV  
  59  12:41  Hellbat  
  34  13:43  Siege Tank  
  34  13:46  Cyclone  
  40  13:54  Liberator  
  40  13:56  Supply Depot  
  40  14:15  Thor  
  49  14:29  Supply Depot  
  46  14:36  Cyclone  
  49  14:51  Supply Depot  
Tags
 
Add a new tag
Caveats
  • Supply blocks, unpowered buildings, or Contaminate may cause inaccurate times.
  • Supply counts are checked every 10 seconds.